 Dungeon Crawl Stone Soup version 0.28-a0-1199-gef9e1dbd39 (webtiles) character file.

Game seed: 8079285177269762186

37 ChaosChampion the Ruffian (level 3, -1/29 HPs)
             Began as a Draconian Transmuter on Dec 19, 2021.
             Slain by an orc priest (3 damage)
             ... on level 3 of the Dungeon.
             The game lasted 00:01:27 (2187 turns).

ChaosChampion the Ruffian (Draconian Transmuter)    Turns: 2187, Time: 00:01:27

Health: -1/29      AC:  5    Str: 12    XL:     3   Next: 23%
Magic:  2/6        EV: 12    Int: 15    God:
Gold:   39         SH:  0    Dex: 11    Spells: 3/6 levels left

rFire   . . .      SeeInvis .     - Unarmed
rCold   . . .      Faith    .   (no shield)
rNeg    . . .      Spirit   .   (armour unavailable)
rPois   .          Reflect  .   (helmet restricted)
rElec   .          Harm     .   (no cloak)
rCorr   .          Rampage  .   (no gloves)
Will    .....                   (no boots)
Stlth   +.........              (no amulet)
HPRegen 0.09/turn               (no ring)
MPRegen 0.10/turn               (no ring)

@: wereblooded
A: AC +5, unfitting armour, cold-blooded
a: no special abilities


You were on level 3 of the Dungeon.
You visited 1 branch of the dungeon, and saw 3 of its levels.

You collected 39 gold pieces.

Inventory:

Jewellery
 g - a +6 ring of intelligence
Scrolls
 a - a scroll of silence {unknown}
 d - a scroll of identify {unknown}
 h - a scroll of summoning {unknown}
 j - a scroll of noise {unknown}
Potions
 b - 3 potions of curing {unknown}
 c - a potion of cancellation {unknown}
 e - 2 potions of degeneration {unknown}
 f - a potion of brilliance {unknown}
 i - a potion of heal wounds {unknown}


   Skills:
 + Level 1.9 Fighting
 + Level 2.3 Dodging
 * Level 3.7 Unarmed Combat
 - Level 2.0 Spellcasting
 - Level 2.0 Transmutations


You had 3 spell levels left.
You knew the following spells:

 Your Spells              Type           Power      Damage    Failure   Level
a - Beastly Appendage     Tmut           14%        N/A       10%         1
b - Wereblood             Tmut           7%         N/A       14%         2

Your spell library contained the following spells:

 Spells                   Type           Power      Damage    Failure   Level
 Spider Form              Tmut/Pois      4%         N/A       41%         3
 Ice Form                 Ice/Tmut       4%         N/A       82%         4


Dungeon Overview and Level Annotations

Branches:
Dungeon (3/15)

Altars:


Innate Abilities, Weirdness & Mutations

Your plain brown scales are hard. (AC +5)
You cannot fit into any form of body armour.
You are cold-blooded and may be slowed by cold attacks.


Message History

You are too injured to fight recklessly!
You are too injured to fight recklessly!
You are too injured to fight recklessly!
You are too injured to fight recklessly!
You are too injured to fight recklessly!
You are too injured to fight recklessly!
You are too injured to fight recklessly!
You are too injured to fight recklessly!
You are too injured to fight recklessly!
You are too injured to fight recklessly!
You are too injured to fight recklessly!
You are too injured to fight recklessly!
You are too injured to fight recklessly!
You are too injured to fight recklessly!
You are too injured to fight recklessly!
You hit the orc.
The orc is almost dead.
The orc misses you. The orc priest hits you with a +0 club.
The orc closely misses you.
You closely miss the orc.
The orc is almost dead.
The orc hits you from afar with a +1 antimagic trident.
You feel your power leaking away. The orc hits you but does no damage.
You completely miss the orc.
The orc is almost dead.
The orc completely misses you. The orc barely misses you.
The orc priest invokes the aid of Beogh against you.
Pain shoots through your body!
* * * LOW HITPOINT WARNING * * *
You hit the orc but do no damage.
The orc is almost dead.
The orc closely misses you. The orc barely misses you.
The orc priest hits you with a +0 club.
* * * LOW HITPOINT WARNING * * *
You hit the orc but do no damage.
The orc is severely wounded.
The orc barely misses you. The orc misses you.
The orc priest hits you with a +0 club.
You die...

..####.####.#..#
..##........#..# .
..##.#.####.#..## ..
.(##.#.# #.#...####..#
..##.#.# #.#.........#
..##.#.# ###.###...#.
.....#.. #...........
..#..######.#.##'##..#..
..#.........#.#o@o# #
..#.#######.# #...#
###'####### #.o.#
#.........# ....b
#.........# .......
..........# ##...#...
#.........# #...#....
#.........# #...#...##
#.........#


You could see an orc priest, 2 orcs and a bat.

Vanquished Creatures
  2 dart slugs
  2 orcs (D:3)
  7 ball pythons
  4 endoplasms
  A giant cockroach (D:3)
  2 goblins (D:2)
  3 hobgoblins (D:2)
  3 bats
  3 frilled lizards
  A kobold (D:1)
  2 rats
30 creatures vanquished.

Notes
Turn   | Place    | Note
-------+----------+-------------------------------------------
     0 | D:1      | ChaosChampion the Draconian Transmuter began the quest for
                  | the Orb.
     0 | D:1      | Reached XP level 1. HP: 16/16 MP: 3/3
   501 | D:1      | Reached XP level 2. HP: 15/23 MP: 3/5
  1819 | D:2      | Found a faded altar of an unknown god.
  1993 | D:3      | Learned a level 2 spell: Wereblood
  2079 | D:3      | Reached XP level 3. HP: 29/29 MP: 4/6
  2187 | D:3      | Slain by an orc priest

Illustrated notes

Levels and vault maps discovered:
D:1:      sevenhm_arrival_forest_fort_small_5, layout_basic
D:2:      kennysheep_big_flooded_room, layout_loops_cross,
          shapermc_ecumenical_altar_pompeii, minmay_misc_feat_chi,
          hangedman_abyss_or_decor_stabs
D:3:      layout_basic, serial_shops, nicolae_shop_crystal, shop,
          nicolae_square_shop, shop

Skill      XL: |  1 |
---------------+----+-----
Dodging        | 2 |  2.3
Fighting       | |  1.9
Unarmed Combat | |  3.7
Spellcasting   | |  2.0
Transmutations | |  2.0

Action                   || total
-------------------------++-------
Melee: Unarmed           ||    96
       Kick              ||    11
       Tailslap          ||     6
       Headbutt          ||     6
 Cast: Beastly Appendage ||    23
       Wereblood         ||     1
Armor: Skin              ||    27
Dodge: Dodged            ||    65

Table legend: (Time is in decaauts)
 A = Elapsed time spent in this place.
 B = Non-inter-level travel time spent in this place.
 C = Inter-level travel time spent in this place.
 D = Time resting spent in this place.
 E = Time spent auto-exploring this place.
 F = Levels seen in this place.
 G = Mean time per level.
                   A        B        C        D        E       F      G
               +--------+--------+--------+--------+--------+-----+--------+
         Total |   2182 |   2102 |     80 |      0 |   1863 |   3 |  727.3 |
       Dungeon |   2182 |   2102 |     80 |      0 |   1863 |   3 |  727.3 |
               +--------+--------+--------+--------+--------+-----+--------+

Top non-repeatable levels by time:
     D:1: 1051 daAuts
     D:2: 929 daAuts
     D:3: 201 daAuts
